General information
- name: BNet
- type: Ladder team game (AT/RT)
- host: Battle.net
- saver: matathemyra
map: HinterlandRaid
- players: 6
- length: 39:39
- speed: Fast
- version: 1.29 W3XP
- replay type:

» download(483 KB)
Players
team 1 (loser)
cyka_gnida (
blue | 122 APM | 4829 actions | 39:30)
4 Death Knight
2 Death Coil
2 Unholy Aura
2 Lich
1 Frost Nova
1 Frost Armor
2 Crypt Lord
1 Impale
1 Spiked Carapace
» actions
| Assign group hotkey | 62 | |
| Basic commands | 50 | |
| Build / train | 84 | |
| Enter build submenu | 26 | |
| Enter hero's abilities submenu | 9 | |
| Remove unit from queue | 2 | |
| Right click | 2153 | |
| Select / deselect | 993 | |
| Select group hotkey | 1272 | |
| Use ability | 178 | |
4829 total
» units
| Acolyte | 12 | |
| Ghoul | 5 | |
| Crypt Fiend | 8 | |
| Meatwagon | 7 | |
| Gargoyle | 5 | |
| Obsidian Statue | 2 | |
| Frost Wyrm | 5 | |
44 total
» upgrades
| Burrow | 1 | |
| Web | 1 | |
| Freezing Breath | 1 | |
| Creature Attack | 3 | |
| Destroyer Form | 1 | |
7 total
» buildings
| Graveyard | 1 | |
| Crypt | 2 | |
| Altar of Darkness | 1 | |
| Ziggurat | 9 | |
| Tomb of Relics | 1 | |
| Nerubian Tower | 2 | |
| Spirit Tower | 5 | |
| Halls of the Dead | 1 | |
| Sacrificial Pit | 1 | |
| Slaughterhouse | 1 | |
| Black Citadel | 2 | |
| Boneyard | 2 | |
28 total
» build order
00:08 Graveyard
00:10 Crypt
00:39 Altar of Darkness
00:49 Ziggurat
01:29 Tomb of Relics
02:09 Ziggurat
03:11 Nerubian Tower
04:46 Ziggurat
05:06 Spirit Tower
05:37 Ziggurat
05:39 Ziggurat
06:06 Ziggurat
06:32 Halls of the Dead
06:34 Spirit Tower
06:56 Spirit Tower
06:57 Ziggurat
07:31 Ziggurat
07:34 Ziggurat
07:51 Nerubian Tower
08:14 Spirit Tower
08:31 Spirit Tower
08:54 Sacrificial Pit
08:55 Slaughterhouse
09:23 Black Citadel
09:23 Black Citadel
10:32 Crypt
12:15 Boneyard
14:47 Boneyard
» items
| Rod of Necromancy | 3 | |
| Dust of Appearance | 2 | |
| Sacrificial Skull | 1 | |
| Orb of Corruption | 1 | |
7 total
Kiparis (
purple | 94 APM | 3678 actions | 39:14)
2 Priestess of the Moon
1 Scout
1 Trueshot Aura
» actions
| Assign group hotkey | 45 | |
| Basic commands | 253 | |
| Build / train | 89 | |
| ESC pressed | 8 | |
| Enter build submenu | 40 | |
| Enter hero's abilities submenu | 2 | |
| Right click | 1702 | |
| Select / deselect | 563 | |
| Select group hotkey | 789 | |
| Use ability | 187 | |
3678 total
» units
| Wisp | 46 | |
| Huntress | 5 | |
| Hippogryph | 5 | |
| Glaive Thrower | 4 | |
| Chimaera | 5 | |
| Druid of the Talon | 6 | |
71 total
» upgrades
| Strength of the Wild | 3 | |
| Reinforced Hides | 3 | |
| Vorpal Blades | 1 | |
| Druid of the Talon Training | 2 | |
| Corrosive Breath | 1 | |
| Mark of the Talon | 1 | |
11 total
» buildings
| Altar of Elders | 1 | |
| Moon Well | 9 | |
| Hunter's Hall | 1 | |
| Ancient of War | 3 | |
| Tree of Life | 1 | |
| Ancient Protector | 16 | |
| Ancient of Wonders | 1 | |
| Tree of Ages | 1 | |
| Tree of Eternity | 1 | |
| Ancient of Wind | 2 | |
| Chimaera Roost | 2 | |
38 total
» build order
00:12 Altar of Elders
00:22 Moon Well
01:29 Hunter's Hall
01:50 Ancient of War
01:55 Ancient of War
02:32 Moon Well
02:49 Moon Well
04:36 Tree of Life
05:02 Ancient Protector
05:06 Ancient Protector
05:43 Moon Well
06:22 Moon Well
06:28 Ancient of Wonders
06:41 Moon Well
07:48 Ancient Protector
08:04 Tree of Ages
08:20 Ancient Protector
08:24 Ancient Protector
09:12 Ancient of War
09:27 Ancient Protector
10:19 Ancient Protector
10:20 Ancient Protector
10:52 Tree of Eternity
11:01 Ancient of Wind
11:03 Ancient of Wind
11:38 Ancient Protector
11:39 Ancient Protector
11:47 Ancient Protector
12:22 Moon Well
13:22 Chimaera Roost
13:28 Chimaera Roost
21:25 Ancient Protector
21:26 Ancient Protector
23:04 Ancient Protector
23:05 Ancient Protector
23:07 Ancient Protector
25:59 Moon Well
26:02 Moon Well
» items
| Moonstone | 1 | |
| Lesser Clarity Potion | 1 | |
2 total
Taz'dingo (
yellow | 159 APM | 6292 actions | 39:38)
4 Tauren Chieftain
2 Endurance Aura
2 War Stomp
2 Shadow Hunter
1 Hex
1 Healing Wave
» actions
| Assign group hotkey | 53 | |
| Basic commands | 20 | |
| Build / train | 72 | |
| ESC pressed | 1 | |
| Enter build submenu | 20 | |
| Enter hero's abilities submenu | 6 | |
| Give item / drop item | 2 | |
| Remove unit from queue | 4 | |
| Right click | 2632 | |
| Select / deselect | 633 | |
| Select group hotkey | 2720 | |
| Use ability | 128 | |
6292 total
» units
| Peon | 8 | |
| Troll Headhunter/Berserker | 6 | |
| Wind Rider | 4 | |
| Troll Batrider | 17 | |
35 total
» upgrades
| Ranged Weapons | 3 | |
| Troll Regeneration | 1 | |
| Armor | 3 | |
| Reinforced Defenses | 1 | |
| Envenomed Spears | 1 | |
| Berserker Upgrade | 1 | |
| Liquid Fire | 1 | |
| Pulverize | 1 | |
12 total
» buildings
| Altar of Storms | 1 | |
| Orc Burrow | 9 | |
| Barracks | 2 | |
| War Mill | 1 | |
| Voodoo Lounge | 1 | |
| Stronghold | 1 | |
| Beastiary | 2 | |
| Fortress | 1 | |
| Tauren Totem | 3 | |
21 total
» build order
00:19 Altar of Storms
00:29 Orc Burrow
01:17 Barracks
01:21 War Mill
01:49 Orc Burrow
02:07 Voodoo Lounge
02:24 Barracks
03:37 Stronghold
04:54 Orc Burrow
05:49 Orc Burrow
06:34 Beastiary
06:36 Beastiary
06:56 Fortress
08:18 Orc Burrow
09:07 Orc Burrow
10:16 Tauren Totem
12:31 Tauren Totem
12:40 Tauren Totem
13:50 Orc Burrow
14:51 Orc Burrow
15:45 Orc Burrow
» items
| Healing Salve | 5 | |
| Scroll of Speed | 3 | |
| Orb of Lightning | 1 | |
9 total
team 2 (winner)
iggy_the_fisk (
green | 118 APM | 4696 actions | 39:38)
4 Archmage
2 Blizzard
2 Brilliance Aura
2 Blood Mage
1 Flame Strike
1 Banish
1 Pandaren Brewmaster
1 Breath of Fire
» actions
| Assign group hotkey | 380 | |
| Basic commands | 34 | |
| Build / train | 109 | |
| Enter build submenu | 60 | |
| Enter hero's abilities submenu | 7 | |
| Give item / drop item | 5 | |
| Right click | 2483 | |
| Select / deselect | 377 | |
| Select group hotkey | 909 | |
| Use ability | 332 | |
4696 total
» units
| Peasant | 18 | |
| Furbolg Shaman | 1 | |
| Dragonhawk Rider | 13 | |
32 total
» upgrades
| Masonry | 3 | |
| Lumber Harvesting | 2 | |
| Magic Sentry | 1 | |
| Animal War Training | 1 | |
| Swords | 3 | |
| Armor | 3 | |
13 total
» buildings
| Altar of Kings | 1 | |
| Farm | 5 | |
| Scout Tower | 43 | |
| Lumber Mill | 1 | |
| Arcane Tower | 10 | |
| Guard Tower | 20 | |
| Town Hall | 1 | |
| Arcane Vault | 1 | |
| Keep | 2 | |
| Arcane Sanctum | 1 | |
| Castle | 1 | |
| Gryphon Aviary | 1 | |
| Barracks | 1 | |
| Blacksmith | 1 | |
89 total
» build order
00:03 Altar of Kings
00:17 Farm
00:45 Farm
00:58 Scout Tower
00:59 Scout Tower
01:04 Lumber Mill
01:23 Arcane Tower
01:23 Arcane Tower
01:50 Scout Tower
02:04 Guard Tower
02:23 Scout Tower
02:24 Guard Tower
02:38 Scout Tower
02:59 Guard Tower
03:00 Scout Tower
03:24 Scout Tower
03:24 Guard Tower
03:39 Guard Tower
03:41 Scout Tower
03:42 Scout Tower
03:43 Scout Tower
03:50 Guard Tower
03:54 Scout Tower
04:59 Town Hall
05:03 Guard Tower
05:07 Scout Tower
05:12 Arcane Vault
05:48 Keep
05:49 Keep
06:44 Guard Tower
06:47 Scout Tower
06:52 Scout Tower
06:53 Scout Tower
06:56 Scout Tower
06:57 Scout Tower
07:18 Guard Tower
07:39 Arcane Tower
07:40 Guard Tower
08:04 Guard Tower
08:04 Guard Tower
08:25 Arcane Sanctum
08:26 Castle
08:36 Scout Tower
08:36 Scout Tower
08:43 Scout Tower
08:43 Scout Tower
08:46 Scout Tower
09:05 Scout Tower
09:07 Scout Tower
10:08 Arcane Tower
10:09 Guard Tower
10:12 Arcane Tower
10:14 Scout Tower
10:15 Scout Tower
10:15 Scout Tower
10:17 Scout Tower
10:58 Guard Tower
11:02 Scout Tower
11:31 Arcane Tower
11:47 Scout Tower
11:49 Scout Tower
11:51 Scout Tower
11:52 Scout Tower
12:24 Farm
12:30 Arcane Tower
12:30 Guard Tower
12:59 Scout Tower
13:05 Scout Tower
13:25 Arcane Tower
13:25 Guard Tower
14:47 Arcane Tower
14:51 Guard Tower
14:53 Scout Tower
14:57 Scout Tower
14:57 Scout Tower
14:59 Guard Tower
15:01 Scout Tower
15:01 Scout Tower
15:39 Gryphon Aviary
15:41 Barracks
15:43 Blacksmith
15:49 Farm
16:38 Arcane Tower
16:39 Guard Tower
16:49 Scout Tower
16:50 Scout Tower
17:18 Scout Tower
19:11 Guard Tower
21:01 Farm
» items
| Healing Salve | 2 | |
| Scroll of Speed | 1 | |
| Lesser Clarity Potion | 1 | |
| Boots of Speed | 3 | |
| Staff of Teleportation | 3 | |
| Periapt of Vitality | 2 | |
| Circlet of Nobility | 2 | |
| Orb of Lightning | 3 | |
| Staff of Sanctuary | 3 | |
20 total
matathemyra (
red | 125 APM | 4972 actions | 39:39)
3 Archmage
2 Blizzard
1 Brilliance Aura
2 Mountain King
1 Storm Bolt
1 Bash
2 Paladin
1 Holy Light
1 Divine Shield
» actions
| Assign group hotkey | 226 | |
| Basic commands | 20 | |
| Build / train | 108 | |
| Enter build submenu | 50 | |
| Enter hero's abilities submenu | 7 | |
| Give item / drop item | 2 | |
| Right click | 2526 | |
| Select / deselect | 859 | |
| Select group hotkey | 788 | |
| Use ability | 385 | |
4972 total
» units
| Peasant | 19 | |
| Priest | 2 | |
| Dragonhawk Rider | 9 | |
30 total
» upgrades
| Masonry | 3 | |
| Magic Sentry | 1 | |
| Lumber Harvesting | 1 | |
| Priest Training | 2 | |
| Armor | 3 | |
| Animal War Training | 1 | |
11 total
» buildings
| Altar of Kings | 1 | |
| Farm | 5 | |
| Lumber Mill | 1 | |
| Scout Tower | 30 | |
| Arcane Tower | 4 | |
| Guard Tower | 35 | |
| Town Hall | 1 | |
| Keep | 1 | |
| Castle | 1 | |
| Arcane Sanctum | 1 | |
| Arcane Vault | 1 | |
| Gryphon Aviary | 1 | |
| Blacksmith | 1 | |
| Barracks | 1 | |
84 total
» build order
00:05 Altar of Kings
00:18 Farm
00:33 Lumber Mill
01:04 Scout Tower
01:07 Scout Tower
01:33 Arcane Tower
01:33 Arcane Tower
01:45 Arcane Tower
01:45 Arcane Tower
01:58 Scout Tower
02:00 Scout Tower
02:06 Farm
02:25 Guard Tower
02:25 Guard Tower
02:28 Guard Tower
02:30 Scout Tower
02:36 Scout Tower
02:59 Guard Tower
02:59 Guard Tower
03:00 Scout Tower
03:02 Guard Tower
03:02 Guard Tower
03:17 Scout Tower
03:29 Guard Tower
03:29 Guard Tower
03:52 Guard Tower
03:53 Guard Tower
03:56 Scout Tower
04:00 Scout Tower
04:34 Town Hall
04:39 Guard Tower
04:39 Guard Tower
04:46 Scout Tower
04:49 Guard Tower
04:49 Guard Tower
05:14 Scout Tower
05:16 Guard Tower
05:16 Guard Tower
05:17 Scout Tower
05:19 Scout Tower
06:26 Guard Tower
06:27 Guard Tower
06:29 Scout Tower
06:36 Guard Tower
06:36 Guard Tower
06:48 Scout Tower
06:49 Scout Tower
06:50 Scout Tower
07:12 Keep
07:36 Guard Tower
07:37 Guard Tower
07:37 Guard Tower
07:38 Scout Tower
07:44 Scout Tower
07:46 Scout Tower
07:47 Guard Tower
07:47 Guard Tower
08:08 Guard Tower
08:08 Guard Tower
08:14 Guard Tower
08:14 Guard Tower
08:18 Scout Tower
08:23 Scout Tower
08:24 Scout Tower
08:26 Scout Tower
10:02 Castle
10:16 Arcane Sanctum
10:32 Guard Tower
10:33 Guard Tower
10:35 Scout Tower
10:36 Scout Tower
10:40 Scout Tower
10:41 Scout Tower
11:36 Guard Tower
11:36 Guard Tower
12:12 Scout Tower
12:46 Farm
12:48 Farm
12:57 Farm
13:44 Guard Tower
14:06 Arcane Vault
16:30 Gryphon Aviary
16:34 Blacksmith
21:20 Barracks
» items
| Staff of Teleportation | 1 | |
| Orb of Lightning | 3 | |
| Staff of Sanctuary | 3 | |
7 total
timg4strok (
orange | 116 APM | 4615 actions | 39:38)
5 Blademaster
2 Wind Walk
3 Critical Strike
» actions
| Assign group hotkey | 23 | |
| Basic commands | 10 | |
| Build / train | 44 | |
| ESC pressed | 1 | |
| Enter build submenu | 51 | |
| Enter hero's abilities submenu | 5 | |
| Give item / drop item | 2 | |
| Right click | 3433 | |
| Select / deselect | 241 | |
| Select group hotkey | 559 | |
| Use ability | 246 | |
4615 total
» units
» upgrades
| Reinforced Defenses | 1 | |
| Liquid Fire | 1 | |
2 total
» buildings
| Altar of Storms | 1 | |
| Orc Burrow | 4 | |
| War Mill | 1 | |
| Voodoo Lounge | 2 | |
| Watch Tower | 37 | |
| Stronghold | 3 | |
| Fortress | 2 | |
| Beastiary | 2 | |
52 total
» build order
00:03 Altar of Storms
00:14 Orc Burrow
00:50 War Mill
01:20 Voodoo Lounge
01:39 Voodoo Lounge
02:31 Watch Tower
03:08 Stronghold
03:09 Stronghold
03:09 Stronghold
03:36 Watch Tower
03:46 Watch Tower
04:48 Watch Tower
05:07 Watch Tower
05:29 Fortress
05:30 Fortress
05:55 Watch Tower
06:04 Watch Tower
06:12 Orc Burrow
06:23 Watch Tower
07:13 Watch Tower
07:30 Watch Tower
07:54 Beastiary
07:56 Beastiary
08:21 Watch Tower
08:35 Watch Tower
09:41 Watch Tower
10:10 Watch Tower
11:25 Watch Tower
11:28 Watch Tower
11:32 Watch Tower
12:53 Watch Tower
12:59 Watch Tower
13:03 Watch Tower
13:59 Watch Tower
14:08 Watch Tower
14:52 Watch Tower
14:57 Watch Tower
15:03 Orc Burrow
15:03 Orc Burrow
15:45 Watch Tower
15:54 Watch Tower
17:11 Watch Tower
17:15 Watch Tower
17:49 Watch Tower
17:59 Watch Tower
18:00 Watch Tower
18:01 Watch Tower
18:02 Watch Tower
19:06 Watch Tower
20:12 Watch Tower
22:28 Watch Tower
24:19 Watch Tower
» items
| Staff of Teleportation | 1 | |
| Boots of Speed | 1 | |
| Lesser Clarity Potion | 3 | |
| Healing Salve | 1 | |
| Orb of Lightning | 1 | |
| Circlet of Nobility | 1 | |
8 total
Chat log
(10:32 / All) Kiparis: mh..?
(10:41 / All) timg4strok: you flew into my rally
(10:43 / All) timg4strok: watch replay
(10:48 / All) Kiparis: you reacted vetu quickly
(10:51 / All) Kiparis: Very*
(10:52 / All) matathemyra: gosu micro
(10:54 / All) iggy_the_fisk: skll
(10:54 / All) timg4strok: they just popped and i was hotkeying
(12:08 / All) Kiparis: :D
(12:09 / All) Kiparis: XD
(39:32 / All) timg4strok: seeya
(39:35 / All) timg4strok: rank 1 thanks
(39:37 / All) timg4strok: Thank's For Rank;s